 Dungeon Crawl Stone Soup version 0.27-a0-1200-g94dc6ad4cf (webtiles) character file.

Game seed: 15464913907759578995

4267 comborobin the Martial Artist (level 10, -1/91 HPs)
             Began as a Djinni Transmuter on May 30, 2021.
             Was a Follower of Cheibriados.
             Slain by a killer bee (5 damage)
             ... on level 8 of the Dungeon on June 2, 2021.
             The game lasted 00:19:02 (12965 turns).

comborobin the Martial Artist (Djinni Transmuter)  Turns: 12965, Time: 00:19:02

Health: -1/91      AC:  7    Str: 14    XL:     10   Next: 56%
Gold:   474        EV: 11    Int: 24    God:    Cheibriados [*.....] SH:  0 Dex: 18

rFire    . . .     SeeInvis .     - Unarmed
rCold    . . .     Faith    .   (shield currently unavailable)
rNeg     . . .     Spirit   .   (armour currently unavailable)
rPois    ∞         Reflect  .   (helmet currently unavailable)
rElec    .         Harm     .   (cloak currently unavailable)
rCorr    .         Rampage  .   (gloves currently unavailable)
Will     +....                  (boots unavailable)
Stlth    ++........             (no amulet)
HPRegen  0.25/turn              z - +6 ring of intelligence
MPRegen  0.00/turn              (no ring)

@: hydra-form, flying, very slow
A: fast swimmer, devour, flying, boosted hp, sickness immunity, very large,
(fire resistance 2), (cold vulnerability 1), float, innate caster, hp casting,
extra vitality 1
a: End Transformation, Renounce Religion, Bend Time


You were on level 8 of the Dungeon.
You worshipped Cheibriados.
Cheibriados was aware of your devotion.
You were a four-headed hydra.
You visited 1 branch of the dungeon, and saw 8 of its levels.

You collected 474 gold pieces.

Inventory:

Hand Weapons
 t - the +1 rapier of Jiagitun {freeze, rElec}
   (You found it on level 5 of the Dungeon)

   It has been specially enchanted to freeze those struck by it, causing extra
   injury to most foes and up to half again as much damage against particularly
   susceptible opponents.
   It can also slow down cold-blooded creatures.
   It insulates you from electricity.
 u - a +6 halberd
 v - a +1 spear of flaming
Missiles
 f - 6 throwing nets
Armour
 a - a +0 robe (melded)
 B - a +4 chain mail of willpower
 D - a +0 cloak (melded)
Jewellery
 z - a +6 ring of intelligence (left foreclaw)
 C - a +4 ring of protection
Wands
 x - a wand of digging (2)
Scrolls
 c - 5 scrolls of identify
 i - a scroll of amnesia {unknown}
 k - 2 scrolls of immolation {unknown}
 o - 3 scrolls of teleportation {unknown}
 p - 2 scrolls of holy word {unknown}
 q - a scroll of fear {unknown}
 r - a scroll of blinking
 s - a scroll of enchant weapon {unknown}
 y - 2 scrolls of magic mapping {unknown}
 A - a scroll of noise {unknown}
Potions
 b - 3 potions of lignification
 d - a potion of mutation {unknown}
 e - a potion of attraction {unknown}
 g - 2 potions of berserk rage {unknown}
 h - 2 potions of brilliance {unknown}
 j - 3 potions of cancellation {unknown}
 l - a potion of ambrosia {unknown}
 m - a potion of might {unknown}
 n - a potion of degeneration {unknown}


   Skills:
 + Level 5.2 Fighting
 - Level 6.3 Dodging
 * Level 8.5 Unarmed Combat
 + Level 6.9 Spellcasting
 * Level 2.1 Invocations
 - Level 3.1 Evocations


You couldn't memorise any spells.
You knew the following spells:

 Your Spells              Type           Power      Damage    Failure   Level
a - Beastly Appendage     Tmut           82%        N/A       1%          1
b - Wereblood             Tmut           41%        N/A       1%          2
c - Spider Form           Tmut/Pois      20%        N/A       1%          3
d - Ice Form              Ice/Tmut       41%        N/A       4%          4
e - Hydra Form            Tmut           20%        N/A       12%         5
f - Shock                 Conj/Air       100%       1d9       1%          1
g - Slow                  Hex            41%        N/A       1%          2
h - Searing Ray           Conj           82%        3d6       1%          2
i - Dispel Undead         Necr           41%        3d16      4%          4
Your spell library was empty.

Dungeon Overview and Level Annotations

Branches:
Dungeon (8/15)             Temple (0/1) D:7
   Lair: D:8-11

Altars:
Ashenzari
Cheibriados
Elyvilon
Hepliaklqana
Nemelex Xobeh
Okawaru
Qazlal
Ru
Trog
The Shining One


Innate Abilities, Weirdness & Mutations

You are a four-headed hydra.
You swim very quickly.
You can devour living enemies to heal.
You are flying.
Your maximum health is greatly increased.
Your armour is entirely melded.
You are incapable of wielding weapons or throwing items.
You are immune to sickness and miasma.
You are immune to poison.
((Your flesh is very heat resistant. (rF++)))
((You are vulnerable to cold. (rC-)))
You float through the air rather than walking.
You learn spells naturally, not from books.
Your magical power is your life essence.
You have superior vitality. (+4 HP)


Message History

Okay, then.
You gouge the killer bee!!
You devour the killer bee!
You feel better.
You kill the killer bee!
Cheibriados thoroughly appreciates the change of pace.
You nip at the centaur.
You bite the troll! The killer bee stings you.
* * * LOW HITPOINT WARNING * * *
The centaur hits you.
* * * LOW HITPOINT WARNING * * *
The centaur kicks you but does no damage.
Your Invocations skill increases to level 2!
Unknown command.
Unknown command.
Unknown command.
You bite the troll!
The troll is heavily wounded.
You bite the centaur!
You devour the centaur!
You feel better.
You kill the centaur!
Cheibriados thoroughly appreciates the change of pace.
You nip at the killer bee.
The killer bee stings you.
* * * LOW HITPOINT WARNING * * *
The troll closely misses you. The troll barely misses you.
The troll claws you but does no damage.
Unknown command.
Unknown command.
You bite the troll!
The troll is severely wounded.
You miss the killer bee. You barely miss the killer bee.
The killer bee barely misses you.
The killer bee stings you but does no damage.
The troll closely misses you. x2; The troll claws you!
* * * LOW HITPOINT WARNING * * *
The killer bee barely misses you.
The killer bee stings you but does no damage.
Unknown command.
Unknown command.
You nip at the killer bee but do no damage.
You nip at the killer bee.
You barely miss the troll.
The killer bee stings you but does no damage.
The killer bee stings you.
You die...

#................
##...............
#...............
#...............
#...............
#............##
##............#
.........)....#
.......)DT....#
........yy....#
..............#
................
.................
.................
.................
...............


You could see a troll and 2 killer bees.

Vanquished Creatures
  Harold (D:7)
  A gargoyle (D:6)
  2 steam dragons
  A water moccasin (D:7)
  2 black bears
  2 ice beasts (D:7)
  2 ogres
  3 centaurs
  A phantom (D:6)
  A bullfrog (D:7)
  A kobold brigand (D:7)
  A gnoll sergeant (D:5)
  A wyvern zombie (D:6)
  2 killer bees (D:8)
  5 wights (D:7)
  5 howler monkeys
  3 jellies
  2 centaur zombies
  A bullfrog skeleton (D:5)
  A hound (D:5)
  A centaur skeleton (D:7)
  A gnoll shaman (D:5)
  2 orc priests (D:7)
  2 iguanas
  4 orc wizards
  3 killer bee zombies (D:7)
  A hound zombie (D:5)
  2 howler monkey zombies (D:6)
  11 adders
  23 gnolls
  2 white imps
  An ufetubus (D:6)
  3 worms
  2 dart slugs
  24 orcs
  5 bats
  8 endoplasms
  3 giant cockroaches
  8 goblins
  3 hobgoblins
  13 jackals
  2 quokkas
  6 ball pythons
  3 frilled lizards
  10 kobolds
  4 rats
185 creatures vanquished.

Vanquished Creatures (others)
  A fungus (D:5)
  3 plants (D:5)
4 creatures vanquished.

Grand Total: 189 creatures vanquished

Notes
Turn   | Place    | Note
-------+----------+-------------------------------------------
     0 | D:1      | comborobin the Djinni Transmuter began the quest for the
                  | Orb.
     0 | D:1      | Reached XP level 1. HP: 17/17 MP: 0/0
   306 | D:1      | Reached XP level 2. HP: 22/22 MP: 0/0
   539 | D:1      | Found a faded altar of an unknown god.
  1076 | D:2      | Reached XP level 3. HP: 21/27 MP: 0/0
  1076 | D:2      | Learned a level 1 spell: Shock
  1353 | D:2      | Found a hazy altar of Hepliaklqana.
  1441 | D:2      | Reached skill level 4 in Unarmed Combat
  1892 | D:3      | Reached XP level 4. HP: 5/32 MP: 0/0
  3151 | D:3      | Reached XP level 5. HP: 12/37 MP: 0/0
  3151 | D:3      | Learned a level 2 spell: Slow
  3427 | D:3      | Found a glowing golden altar of the Shining One.
  3568 | D:3      | Reached skill level 5 in Unarmed Combat
  4137 | D:3      | Reached XP level 6. HP: 20/42 MP: 0/0
  6044 | D:5      | Entered Level 5 of the Dungeon
  6071 | D:5      | Reached skill level 6 in Unarmed Combat
  6351 | D:5      | Reached XP level 7. HP: 41/47 MP: 0/0
  6351 | D:5      | Learned a level 2 spell: Searing Ray
  6582 | D:5      | Reached skill level 5 in Dodging
  6590 | D:5      | Reached skill level 7 in Unarmed Combat
  6863 | D:5      | Identified the +1 rapier of Jiagitun {freeze, rElec}
  7286 | D:5      | Reached XP level 8. HP: 33/52 MP: 0/0
  7986 | D:5      | Reached skill level 8 in Unarmed Combat
  9204 | D:6      | Reached XP level 9. HP: 43/62 MP: 0/0
  9204 | D:6      | Learned a level 4 spell: Dispel Undead
  9345 | D:6      | Reached skill level 5 in Fighting
  9603 | D:6      | Found a broken altar of Ashenzari.
  9992 | D:6      | Found a white marble altar of Elyvilon.
 10245 | D:6      | Noticed a gargoyle
 10248 | D:6      | Killed a gargoyle
 10642 | D:6      | Found a stormy altar of Qazlal.
 10642 | D:6      | Found a sparkling altar of Nemelex Xobeh.
 10642 | D:6      | Found an iron altar of Okawaru.
 10642 | D:6      | Found a sacrificial altar of Ru.
 10649 | D:6      | Found a bloodstained altar of Trog.
 10649 | D:6      | Found a snail-covered altar of Cheibriados.
 10925 | D:6      | Became a worshipper of Cheibriados the Contemplative
 11388 | D:7      | Found a staircase to the Ecumenical Temple.
 11560 | D:7      | Noticed Harold
 11575 | D:7      | Killed Harold
 11576 | D:7      | Reached XP level 10. HP: 69/70 MP: 0/0
 11959 | D:7      | Reached * piety under Cheibriados
 12129 | D:7      | Reached skill level 1 in Invocations
 12728 | D:8      | Noticed a boulder beetle
 12964 | D:8      | HP: 4/91 [troll (7)]
 12965 | D:8      | Slain by a killer bee

Illustrated notes

Levels and vault maps discovered:
D:1:      minmay_arrival_open_corners, layout_basic,
          ebering_ecumenical_altar_hall
D:2:      layout_rooms, basic_altar, minmay_pentomino_s2
D:3:      layout_basic, tso_metal_star, skrybe_limestone_x, item_on_display_a
D:4:      layout_cave_pools, serial_bayou_crossing
D:5:      lemuel_castle_with_subvaults [lemuel_castle_interior_carwin_3],
          layout_rooms
D:6:      layout_loops_corners, minmay_overflow_temple_hex, elyvilon_altar_3,
          lemuel_coloured_pillars_altar
D:7:      layout_basic, minmay_temple_entry_junction_2, chequers_arboretum,
          uniq_harold
D:8:      minmay_diamond_stairs, layout_basic, nicolae_vehumet_radiance,
          gammafunk_ghost_necromancy, minmay_misc_feat_more_columns

Skill      XL: |  1  2  3  4  5  6  7  8  9 10 |
---------------+-------------------------------+-----
Unarmed Combat | 4 5 6 7 8 |  8.5
Dodging        | 3 4 5 6 |  6.3
Fighting       | 4 5 |  5.2
Evocations     | 3 |  3.1
Spellcasting   | 6 |  6.9
Invocations    | 2 |  2.1

Action                   |  1- 3 |  4- 6 |  7- 9 | 10-12 || total
-------------------------+-------+-------+-------+-------++-------
Melee: Unarmed           |   116 |   225 |   198 |    79 ||   618
       Headbutt          |     4 |    14 |       |       ||    18
       Punch             |       |     5 |     2 |       ||     7
       Halberd           |       |       |    65 |     3 ||    68
 Cast: Beastly Appendage |     6 |    14 |       |       ||    20
       Shock             |       |     7 |       |       ||     7
       Spider Form       |       |     8 |    17 |     1 ||    26
       Searing Ray       |       |       |     1 |       ||     1
       Hydra Form        |       |       |       |     2 ||     2
       Wereblood         |       |       |       |     1 ||     1
Evoke: Wand              |       |       |    14 |       ||    14
  Use: Scroll            |     2 |       |       |       ||     2
       Potion            |       |       |       |     2 ||     2
 Stab: Sleeping          |     1 |     1 |     1 |       ||     3
Armor: Robe              |    28 |    28 |    14 |     1 ||    71
       Skin              |       |     2 |     4 |    33 ||    39
Dodge: Dodged            |    82 |   154 |   211 |    88 ||   535

Table legend: (Time is in decaauts)
 A = Elapsed time spent in this place.
 B = Non-inter-level travel time spent in this place.
 C = Inter-level travel time spent in this place.
 D = Time resting spent in this place.
 E = Time spent auto-exploring this place.
 F = Levels seen in this place.
 G = Mean time per level.
                   A        B        C        D        E       F      G
               +--------+--------+--------+--------+--------+-----+--------+
         Total |  13310 |  12778 |    532 |   4474 |   6025 |   8 | 1663.8 |
       Dungeon |  13310 |  12778 |    532 |   4474 |   6025 |   8 | 1663.8 |
               +--------+--------+--------+--------+--------+-----+--------+

Top non-repeatable levels by time:
     D:5: 3130 daAuts
     D:3: 2750 daAuts
     D:7: 2166 daAuts
     D:6: 1903 daAuts
     D:1: 1272 daAuts
     D:2: 1190 daAuts
     D:4: 813 daAuts
     D:8: 82 daAuts
